 Dungeon Crawl Stone Soup version 0.29-a0-283-ga02f740833 (webtiles) character file.

Game seed: 16210512970568249114

1273 Ajdolov the Summoner (level 8, -6/34 HPs)
             Began as a Felid Summoner on Mar 13, 2022.
             Killed from afar by a wight (12 damage)
             ... with an iceblast
             ... on level 5 of the Dungeon.
             The game lasted 00:20:41 (7152 turns).

Ajdolov the Summoner (Felid Summoner)               Turns: 7152, Time: 00:20:41

Health: -6/34      AC:  2    Str:  4    XL:     8   Next: 28%
Magic:  2/12       EV: 17    Int: 18    God:
Gold:   216        SH:  0    Dex: 17    Spells: 1/11 levels left
                                        Lives:  0   Deaths: 2

rFire   + . .      SeeInvis +   (weapon unavailable)
rCold   . . .      Faith    .   (shield unavailable)
rNeg    . . .      Spirit   .   (body armour unavailable)
rPois   +          Reflect  .   (helmet unavailable)
rElec   .          Harm     .   (cloak unavailable)
rCorr   .          Rampage  .   (gloves unavailable)
Will    +....                   (boots unavailable)
Stlth   ++++......              (no amulet)
HPRegen 0.11/turn               l - ring of protection from fire
MPRegen 0.13/turn               e - ring of poison resistance

@: quick
A: very small, claws 1, fangs 3, see invisible, speed 1, shaggy fur 2, stealthy
paws, no weapons or thrown items, no armour, multi-lived
a: no special abilities


You were on level 5 of the Dungeon.
You visited 1 branch of the dungeon, and saw 7 of its levels.

You collected 216 gold pieces.

Inventory:

Jewellery
 e - a ring of poison resistance (right paw)
 l - a ring of protection from fire (left paw)
Wands
 r - a wand of acid (3)
 t - a wand of paralysis (6)
Scrolls
 b - a scroll of torment {unknown}
 g - 2 scrolls of noise {unknown}
 h - 3 scrolls of teleportation {unknown}
 i - a scroll of enchant armour {unknown}
 m - a scroll of fear {unknown}
 s - 2 scrolls of amnesia {unknown}
 u - a scroll of silence {unknown}
 v - a scroll of brand weapon {unknown}
 w - a scroll of identify {unknown}
 x - a scroll of immolation {unknown}
Potions
 c - a potion of curing {unknown}
 d - 2 potions of mutation {unknown}
 f - a potion of haste {unknown}
 j - a potion of cancellation
 k - a potion of lignification {unknown}
 n - a potion of brilliance {unknown}
 o - a potion of attraction {unknown}
 p - a potion of ambrosia {unknown}
 q - a potion of berserk rage {unknown}


   Skills:
 + Level 3.4 Fighting
 - Level 2.6 Dodging
 - Level 7.3 Stealth
 - Level 2.0 Spellcasting
 - Level 8.3 Summonings
 * Level 4.6 Air Magic


You had one spell level left.
You knew the following spells:

 Your Spells              Type           Power      Damage    Failure   Level
a - Summon Small Mammal   Summ           100%       N/A       1%          1
b - Call Imp              Summ           32%        N/A       1%          2
c - Call Canine Familiar  Summ           32%        N/A       1%          3
d - Summon Lightning Spi  Summ/Air       25%        N/A       12%         4

Your spell library contained the following spells:

 Spells                   Type           Power      Damage    Failure   Level
 Summon Guardian Golem    Hex/Summ       16%        N/A       10%         3
 Gell's Gravitas          Tloc           1%         N/A       47%         3
 Lesser Beckoning         Tloc           1%         N/A       47%         3
 Teleport Other           Tloc           1%         N/A       47%         3
 Alistair's Intoxication  Tmut/Pois      0%         N/A       99%         5
 Borgnjor's Vile Clutch   Necr/Erth      0%         N/A       99%         5
 Eringya's Noxious Bog    Tmut/Pois      0%         N/A       100%        6


Dungeon Overview and Level Annotations

Branches:
Dungeon (7/15)
 Temple: D:4-7

Altars:
Fedhas
Hepliaklqana
Kikubaaqudgha
Makhleb
Qazlal
Uskayaw
Wu Jian
Xom

Shops:
D:1 :*[*

Annotations:
D:5 exclusions: 2 ice beasts and water moccasin


Innate Abilities, Weirdness & Mutations

You have sharp claws.
You have razor-sharp teeth.
You have supernaturally acute eyesight. (SInv)
You cover ground quickly. (Speed+)
You are covered in thick fur. (AC +2)
Your paws help you pounce on unaware monsters.
You are incapable of wielding weapons or throwing items.
You cannot wear armour.
You gain extra lives every three experience levels.


Message History

Casting: Call Canine Familiar (safe; 1% risk of failure)
Confirm with . or Enter, or press ? or * to list all spells.
You don't know that spell.
Unknown command.
Casting: Call Canine Familiar (safe; 1% risk of failure)
Confirm with . or Enter, or press ? or * to list all spells.
Sorry, you're not good enough to have a special ability.
Unknown command.
Aiming: Corrosive Bolt
Press: ? - help, Shift-Dir - straight line, f - wight
Aim: a wight, wielding a +0 long sword and wearing a +0 robe (ally target, 71% to hit)
The bolt of acid hits the wight!
The wight is severely damaged.
Your hound barely misses the wight.
Aiming: Corrosive Bolt
Press: ? - help, Shift-Dir - straight line, f/p - wight
Aim: a wight, wielding a +0 long sword and wearing a +0 robe (severely damaged, ally target, 71% to hit)
The bolt of acid hits the wight.
The acid corrodes the wight!
The wight is almost destroyed.
Your hound bites the wight.
The wight is destroyed!
Your hound completely misses the wight.
Your hound bites the wight.
The wight zaps a wand.
The mass of ice explodes!
The iceblast engulfs you!
Your hound barely misses the wight.
Your hound bites the wight.
The wight hits your hound with a +0 great sword!
The wight drains your hound.
Unknown command.
Your hound closely misses the wight.
Your hound barely misses the wight.
The wight zaps a wand.
The mass of ice explodes!
The iceblast engulfs you!!
Ouch! That really hurt!
* * * LOW HITPOINT WARNING * * *
Okay, then.
Your hound bites the wight. x2
The wight hits your hound with a +0 great sword!
Your hound dies!
Your hound's corpse disappears in a puff of smoke!
The wight zaps a wand.
The mass of ice explodes!
The iceblast engulfs you!
You die...

..#.......).......#
.##...............#
###.......z.......#
.##.........z.....#
..................#
..#...............#
..#...............#
..#...............#
................@.#
.#'........)......#
###...............#
.##...............#
..'...............#
#.#...............#
#.#...............#
..#..............[#
..#...............#


You could see 2 wights.

Vanquished Creatures
  A two-headed ogre (D:5)
  A centaur (D:5)
  A wight (D:5)
  A hound (D:4)
  A shadow imp (D:4)
  A giant cockroach (D:1)
  2 goblins
  3 hobgoblins
  A bat (D:1)
  A frilled lizard (D:3)
  A rat (D:1)
14 creatures vanquished.

Vanquished Creatures (collateral kills)
  An ice beast (D:5)
  2 phantoms (D:5)
  A scorpion (D:4)
  2 wights (D:5)
  An orc priest (D:3)
  4 hounds (D:4)
  3 iron imps (D:4)
  An iguana (D:5)
  Jessica (D:3)
  Terence (D:2)
  4 gnolls
  An adder (D:4)
  A worm (D:3)
  5 dart slugs
  8 orcs
  3 ball pythons
  4 endoplasms
  9 goblins
  10 hobgoblins
  4 kobolds
  6 quokkas
  3 bats
  6 frilled lizards
  6 rats
87 creatures vanquished.

Grand Total: 101 creatures vanquished

Notes
Turn   | Place    | Note
-------+----------+-------------------------------------------
     0 | D:1      | Ajdolov the Felid Summoner began the quest for the Orb.
     0 | D:1      | Reached XP level 1. HP: 7/7 MP: 4/4
   144 | D:1      | Reached XP level 2. HP: 8/11 MP: 1/6
   233 | D:1      | Learned a level 2 spell: Call Imp
   329 | D:1      | Found Ymussu Vize's General Store.
   721 | D:1      | Found Civonuf's Antique Armour Shoppe.
   782 | D:1      | Found Kaujioz's Book Emporium.
   896 | D:1      | Found Hiddiomerr's General Store.
  1016 | D:2      | Noticed Terence
  1036 | D:2      | Killed Terence
  1037 | D:2      | Reached skill level 5 in Summonings
  1037 | D:2      | Reached XP level 3. HP: 6/14 MP: 1/7
  1418 | D:2      | Learned a level 3 spell: Call Canine Familiar
  1770 | D:2      | Found a hazy altar of Hepliaklqana.
  2417 | D:3      | Reached XP level 4. HP: 18/18 MP: 8/8
  2424 | D:3      | Found a stormy altar of Qazlal.
  2464 | D:3      | Noticed Jessica
  2486 | D:3      | Killed Jessica
  2870 | D:3      | Killed from afar by an orc priest
  2871 | D:3      | Reached XP level 3. HP: -5/14 MP: 6/7
  3063 | D:3      | Reached XP level 4. HP: 17/18 MP: 5/8
  3108 | D:3      | Found a faded altar of an unknown god.
  3257 | D:3      | Found an ornate altar of the Wu Jian Council.
  3541 | D:3      | Found a hide-covered altar of Uskayaw.
  3567 | D:3      | Reached skill level 6 in Summonings
  3842 | D:4      | Found a burning altar of Makhleb.
  3845 | D:4      | Noticed a scorpion
  3955 | D:4      | Reached XP level 5. HP: 21/21 MP: 7/9
  3961 | D:4      | Reached skill level 5 in Stealth
  4005 | D:4      | Gained mutation: You are covered in thick fur. (AC +2)
                  | [Felid growth]
  4005 | D:4      | Reached XP level 6. HP: 20/24 MP: 7/10
  4375 | D:4      | Reached skill level 7 in Summonings
  4632 | D:4      | Found a blossoming altar of Fedhas.
  4789 | D:4      | You fall into a shaft and drop 3 floors!
  4789 | D:7      | Found a shimmering altar of Xom.
  4790 | D:7      | Found an ancient bone altar of Kikubaaqudgha.
  4806 | D:7      | Noticed an ice beast
  4823 | D:7      | HP: 1/24 [gnoll/+0 club (8)]
  5131 | D:5      | Entered Level 5 of the Dungeon
  5384 | D:5      | Reached XP level 7. HP: 27/27 MP: 8/11
  5483 | D:5      | HP: 1/27 [centaur/arrow (5)]
  5485 | D:5      | Shot with an arrow by a centaur
  5486 | D:5      | Reached XP level 6. HP: -13/24 MP: 6/10
  5687 | D:5      | Noticed an ice beast
  5749 | D:5      | Noticed an ice beast
  5767 | D:5      | Reached skill level 8 in Summonings
  5820 | D:5      | Noticed a water moccasin
  5900 | D:5      | Found a hazy altar of Hepliaklqana.
  6034 | D:5      | Noticed a two-headed ogre
  6134 | D:5      | Reached XP level 7. HP: 27/27 MP: 1/11
  6662 | D:4      | Learned a level 4 spell: Summon Lightning Spire
  6718 | D:5      | Reached skill level 1 in Fighting
  6718 | D:5      | Reached skill level 1 in Air Magic
  7120 | D:5      | Killed a two-headed ogre
  7121 | D:5      | Reached XP level 8. HP: 34/34 MP: 1/12
  7152 | D:5      | Killed from afar by a wight

Illustrated notes

Levels and vault maps discovered:
D:1:      lightli_arrival_chessboard, layout_loops_ring, serial_shops, shop,
          shop, nicolae_diamond_shop, nicolae_shop_competitors_out_of_business
D:2:      layout_loops_corners, basic_altar, uniq_terence
D:3:      kennysheep_the_goblin_king, layout_basic, grunt_qazlal_clouds,
          pdpol_wu_jian_five_deadly_venoms, nicolae_uskayaw_suspiria,
          shapermc_ecumenical_altar_pompeii, uniq_jessica
D:4:      layout_basic, fedhas_altar_2, demons_altar, serial_park_tiny_1,
          minmay_misc_feat_nine_boxes
D:5:      nicolae_cairo_tiling_large_dashed, layout_gridville,
          mainiacjoe_overflow_alcove_2, gup_sewer_entry_bubbles,
          grunt_decor_mini_mirrors
D:6:      layout_cave_pools, okawaru_trees_2, general_overflow_altar,
          serial_shops, nicolae_shop_behind_doors
D:7:      layout_rooms, gammafunk_temple_overflow_pools,
          minmay_temple_entry_sparse_star, serial_shops, nicolae_shop_stone

Skill      XL: |  1  2  3  4  5  6  7 |
---------------+----------------------+-----
Stealth        | 3 4 5 7 |  7.3
Summonings     | 5 6 8 |  8.3
Fighting       | 3 |  3.4
Air Magic      | 4 |  4.6
Dodging        | |  2.6
Spellcasting   | |  2.0

Action                   |  1- 3 |  4- 6 |  7- 9 || total
-------------------------+-------+-------+-------++-------
Melee: Unarmed           |    28 |    37 |     1 ||    66
       Bite              |     2 |     6 |     1 ||     9
       Punch             |       |     1 |       ||     1
 Cast: Summon Small Mamm |    17 |     5 |     5 ||    27
       Call Imp          |    29 |    49 |    12 ||    90
       Call Canine Famil |       |    13 |    17 ||    30
Evoke: Wand              |       |       |     4 ||     4
  Use: Potion            |       |       |     3 ||     3
 Stab: Sleeping          |       |     1 |       ||     1
       Distracted        |       |     1 |       ||     1
Armor: Skin              |     3 |     4 |     2 ||     9
Dodge: Dodged            |    29 |    31 |    18 ||    78

Table legend: (Time is in decaauts)
 A = Elapsed time spent in this place.
 B = Non-inter-level travel time spent in this place.
 C = Inter-level travel time spent in this place.
 D = Time resting spent in this place.
 E = Time spent auto-exploring this place.
 F = Levels seen in this place.
 G = Mean time per level.
                   A        B        C        D        E       F      G
               +--------+--------+--------+--------+--------+-----+--------+
         Total |   6411 |   6257 |    154 |   1361 |   3181 |   7 |  915.9 |
       Dungeon |   6411 |   6257 |    154 |   1361 |   3181 |   7 |  915.9 |
               +--------+--------+--------+--------+--------+-----+--------+

Top non-repeatable levels by time:
     D:2: 1400 daAuts
     D:4: 1397 daAuts
     D:5: 1300 daAuts
     D:3: 1102 daAuts
     D:1: 882 daAuts
     D:6: 299 daAuts
     D:7: 29 daAuts
